 Seeded DCSS version 0.28-a0-1130-gc51a68064b (webtiles) character file.

Game seed: 8197062223022065933 (custom seed)

562 croobank the Shield-Bearer (level 7, 0/55 HPs)
             Began as a Formicid Fighter on Dec 12, 2021.
             Was an Initiate of Ashenzari.
             Slain by a water moccasin (8 damage)
             ... on level 7 of the Dungeon.
             The game lasted 00:22:35 (4785 turns).

croobank the Shield-Bearer (Formicid Fighter)       Turns: 4785, Time: 00:22:35

Health: 0/55       AC:  7    Str: 23    XL:     7   Next: 57%
Magic:  7/7        EV: 10    Int:  7    God:    Ashenzari [......]
Gold:   178        SH:  7    Dex: 10    Spells: 6/6 levels left

rFire   x . .      SeeInvis +   a - +2 war axe
rCold   + . .      Faith    .   n - +2 buckler
rNeg    . . .      Spirit   .   b - +0 scale mail
rPois   .          Reflect  .   (helmet unavailable)
rElec   .          Harm     .   (no cloak)
rCorr   .          Rampage  .   (no gloves)
Will    .....                   (no boots)
Stlth   ..........              c - amulet of magic regeneration
HPRegen 0.18/turn               m - ring of ice
MPRegen 0.50/turn               (no ring)

@: mighty, lethally poisoned (0 -> -10)
A: permanent stasis, dig shafts and tunnels, antennae 3, four strong arms
a: Dig, Shaft Self, Renounce Religion


You were on level 7 of the Dungeon.
You worshipped Ashenzari.
Ashenzari was noncommittal.
You visited 1 branch of the dungeon, and saw 6 of its levels.

You collected 178 gold pieces.

Inventory:

Hand Weapons
 a - a +2 war axe (weapon)
Missiles
 f - 135 stones
Armour
 b - a +0 scale mail (worn)
 n - a +2 buckler (worn)
Jewellery
 c - an amulet of magic regeneration (around neck)
 m - a ring of ice (left hand)
Scrolls
 j - 2 scrolls of immolation
Potions
 d - a potion of might
 e - a potion of mutation {unknown}
 g - a potion of invisibility {unknown}


   Skills:
 - Level 4.5 Fighting
 - Level 3.5 Long Blades
 - Level 3.4(3.6) Axes
 + Level 1.2(2.5) Maces & Flails
 - Level 4.7 Armour
 + Level 1.0 Dodging
 + Level 1.6 Stealth
 - Level 5.0 Shields
 - Level 0.2 Spellcasting


You had 6 spell levels left.
You didn't know any spells.
Your spell library contained the following spells:

 Spells                   Type           Power      Damage    Failure   Level
 Animate Skeleton         Necr           0%         N/A       75%         1
 Pain                     Necr           0%         1d4       75%         1
 Vampiric Draining        Necr           0%         2d6       98%         3


Dungeon Overview and Level Annotations

Branches:
Dungeon (5/15)
 Temple: D:4-7

Altars:
Ashenzari
Dithmenos
Wu Jian

Annotations:
D:5 Eustachio


Innate Abilities, Weirdness & Mutations

You cannot be hasted, slowed, berserked, paralysed or teleported.
You can dig through walls and to a lower floor.
You have a pair of large antennae on your head. (SInv)
Your four strong arms can wield two-handed weapons with a shield.


Message History

You closely miss the water moccasin.
The water moccasin completely misses you.
The water moccasin bites you.
* * * LOW HITPOINT WARNING * * *
You feel your dexterity returning.
Your base Maces & Flails skill increases to level 1!
Your Dodging skill increases to level 1!
Your Stealth skill increases to level 1!
You feel better.
You block the water moccasin's attack. x2
The water moccasin bites you but does no damage.
You slash the water moccasin!
The water moccasin is moderately wounded.
You barely miss the water moccasin. The water moccasin closely misses you.
You block the water moccasin's attack. x2; The water moccasin bites you!
* * * LOW HITPOINT WARNING * * *
You barely miss the water moccasin.
The water moccasin is moderately wounded.
You miss the water moccasin. The water moccasin barely misses you.
An orc priest comes into view. It is wielding a +0 club.
The water moccasin bites you.
* * * LOW HITPOINT WARNING * * *
You are lethally poisoned!
The water moccasin poisons you! The water moccasin barely misses you.
You block the orc's attack.
You feel better.
The orc priest shouts!
The water moccasin bites you.
* * * LOW HITPOINT WARNING * * *
The water moccasin bites you.
* * * LOW HITPOINT WARNING * * *
You are lethally poisoned!
The water moccasin poisons you! The orc barely misses you.
The water moccasin bites you but does no damage.
An orc comes into view. It is wielding a +0 hand axe.
Are you sure you want to shaft yourself?
* * * LOW HITPOINT WARNING * * *
You feel very sick.
The orc shouts!
The water moccasin bites you!
You die...

# .. ....≈≈ #.
#.. ......
####.##.#
....≈
≈≈≈≈≈...##....
≈.......#...#
o.o......)..#
............#
.......S....#
.....#@S..##
#..#.o##...# .
#.. ...# ..##
..... ...
..{... #..#
......# ...
......# #.


You could see 2 water moccasins, an orc priest and 2 orcs.

Vanquished Creatures
  A necrophage (D:4)
  A centaur (D:7)
  A phantom (D:4)
  A howler monkey (D:5)
  A hound (D:4)
  An orc priest (D:3)
  Terence (D:2)
  An orc wizard (D:3)
  8 adders
  2 dart slugs
  9 orcs (D:3)
  4 ball pythons
  12 endoplasms
  3 giant cockroaches
  5 goblins
  10 hobgoblins
  4 jackals (D:1)
  3 quokkas
  7 bats
  6 frilled lizards
  6 kobolds
  7 rats
94 creatures vanquished.

Vanquished Creatures (collateral kills)
  A frilled lizard (D:2)
1 creature vanquished.

Grand Total: 95 creatures vanquished

Notes
Turn   | Place    | Note
-------+----------+-------------------------------------------
     0 | D:1      | croobank the Formicid Fighter began the quest for the Orb.
     0 | D:1      | Reached XP level 1. HP: 18/18 MP: 1/1
    74 | D:1      | Reached XP level 2. HP: 15/24 MP: 2/2
   575 | D:1      | Reached XP level 3. HP: 28/29 MP: 3/3
   586 | D:1      | Reached skill level 4 in Shields
  1000 | D:1      | Found a faded altar of an unknown god.
  1569 | D:2      | Reached XP level 4. HP: 37/37 MP: 4/4
  1604 | D:2      | Noticed Terence
  1613 | D:2      | Killed Terence
  1772 | D:2      | Reached XP level 5. HP: 41/42 MP: 5/5
  2560 | D:3      | Found a broken altar of Ashenzari.
  2564 | D:3      | Found a shadowy altar of Dithmenos.
  2622 | D:3      | Found an ornate altar of the Wu Jian Council.
  2625 | D:3      | Became a worshipper of Ashenzari the Shackled
  2662 | D:3      | Reached XP level 6. HP: 47/49 MP: 6/6
  2892 | D:3      | Reached skill level 5 in Shields
  4033 | D:4      | Noticed a necrophage
  4042 | D:4      | Killed a necrophage
  4043 | D:4      | Reached XP level 7. HP: 51/55 MP: 7/7
  4742 | D:5      | Entered Level 5 of the Dungeon
  4759 | D:5      | Noticed Eustachio
  4775 | D:5      | You fall into a shaft and drop 2 floors!
  4775 | D:7      | Noticed a water moccasin
  4775 | D:7      | Noticed a water moccasin
  4781 | D:7      | Reached skill level 1 in Maces & Flails
  4781 | D:7      | Reached skill level 1 in Dodging
  4781 | D:7      | Reached skill level 1 in Stealth
  4785 | D:7      | Slain by a water moccasin

Illustrated notes

Levels and vault maps discovered:
D:1:      dpeg_arrival_morbid_curiosity, layout_basic,
          hellmonk_ecumenical_altar_blasted
D:2:      layout_basic, serial_rivers, chequers_serial_rivers_micro_c,
          chequers_serial_rivers_small_3, chequers_serial_rivers_marsh,
          chequers_serial_rivers_small_a, chequers_serial_rivers_small_b,
          chequers_serial_rivers_small_a, minmay_tiny_reverse_x, uniq_terence
D:3:      layout_basic, grunt_temple_overflow_open, serial_glass,
          glass_columns_b, glass_columns_c
D:4:      layout_layer_cave, dk_noncrumbling_2, bh_walls_and_bars
D:5:      layout_loops_ring, led_sif_pool, hangedman_glass_teeth, uniq_eustachio
D:7:      layout_cave_pools, minmay_temple_entry_butterflies, serial_shops,
          nicolae_shop_behind_doors, serial_rivers,
          chequers_serial_rivers_small_a, chequers_serial_rivers_large_a,
          chequers_serial_rivers_micro_b, chequers_serial_rivers_room_a,
          chequers_serial_rivers_micro_c, chequers_serial_rivers_micro_e

Skill      XL: |  1  2  3  4  5  6  7 |
---------------+----------------------+-----
Shields        | 4 5 |  5.0
Fighting       | 4 |  4.5
Armour         | 4 |  4.7
Axes           | 3 |  3.4
Long Blades    | 3 |  3.5
Maces & Flails | 1 |  1.2
Dodging        | 1 |  1.0
Stealth        | 1 |  1.6
Spellcasting   | |  0.2

Action                   |  1- 3 |  4- 6 |  7- 9 || total
-------------------------+-------+-------+-------++-------
Melee: War axe           |   107 |   136 |    15 ||   258
       Great sword       |       |    51 |       ||    51
Invok: Curse Item        |       |     1 |       ||     1
       Shatter the Chain |       |     1 |       ||     1
 Abil: Shaft Self        |       |       |     2 ||     2
  Use: Scroll            |     4 |     5 |       ||     9
       Potion            |       |     4 |     4 ||     8
Armor: Scale mail        |    41 |   115 |    12 ||   168
Dodge: Dodged            |    58 |   100 |    26 ||   184
Block: Buckler           |    17 |    59 |    17 ||    93

Table legend: (Time is in decaauts)
 A = Elapsed time spent in this place.
 B = Non-inter-level travel time spent in this place.
 C = Inter-level travel time spent in this place.
 D = Time resting spent in this place.
 E = Time spent auto-exploring this place.
 F = Levels seen in this place.
 G = Mean time per level.
                   A        B        C        D        E       F      G
               +--------+--------+--------+--------+--------+-----+--------+
         Total |   4918 |   4829 |     89 |    981 |   2765 |   6 |  819.7 |
       Dungeon |   4918 |   4829 |     89 |    981 |   2765 |   6 |  819.7 |
               +--------+--------+--------+--------+--------+-----+--------+

Top non-repeatable levels by time:
     D:4: 1477 daAuts
     D:1: 1461 daAuts
     D:2: 1079 daAuts
     D:3: 853 daAuts
     D:5: 36 daAuts
     D:7: 11 daAuts
